Map: Neon Violet Square LE

Players

Scarlett - Winner!

  • Race: Zerg Zerg
  • League: Diamond
  • Spawn Location: 11:00

AxImpact (Impact)

  • Race: Zerg Zerg
  • League: Diamond
  • Spawn Location: 5:00

Event: HomeStory Cup XVI

VOD

Have the link to the VOD?

Description

Time

  • Played on: Nov. 11, 2017, 3:36 p.m.
  • Length: 11:25

All games in this series

Show
View Real Time Build Order
Export as new Build Order

Scarlett Zerg - Winner!

Build Orders: Hatch First 

Get SALT Encoding   

  12  0:00  Drone  
  13  0:12  Overlord  
  13  0:17  Drone  
  14  0:30  Drone  
  14  0:31  Drone  
  14  0:34  Drone  
  17  0:52  Hatchery  
  17  0:55  Drone  
  17  0:58  Drone  
  18  1:12  Spawning Pool  
  18  1:16  Drone  
  18  1:18  Drone  
  19  1:28  Drone  
  20  1:40  Drone  
  20  1:46  Hatchery  
  20  1:58  Queen  
  22  2:04  Drone  
  22  2:05  Queen  
  25  2:15  Overlord, Drone x2  
  27  2:19  Drone  
  28  2:34  Queen, Drone x3  
  33  2:40  Queen  
  35  2:44  Overlord  
  35  2:48  Drone  
  36  2:58  Drone x2  
  36  2:59  Drone x2  
  36  3:04  Overlord  
  40  3:09  Drone  
  40  3:10  Drone x4  
  45  3:14  Extractor x2, Drone  
  45  3:15  Drone  
  45  3:19  Drone  
  46  3:26  Drone x3  
  49  3:30  Queen  
  51  3:44  Evolution Chamber  
  51  3:46  Roach Warren  
  51  3:47  Drone x5  
  54  3:57  Roach Warren  
  54  3:58  Evolution Chamber  
  54  3:59  Spine Crawler  
  50  4:11  Evolution Chamber  
  50  4:14  Zerg Missile Weapons Level 1  
  50  4:16  Drone  
  50  4:17  Drone x7  
  50  4:21  Lair  
  58  4:26  Overlord x2  
  58  4:32  Overlord  
  58  4:34  Spine Crawler  
  57  4:46  Roach  
  57  4:47  Roach x5  
  69  4:53  Drone  
  69  4:54  Drone x4  
  75  5:00  Extractor, Drone x6  
  75  5:01  Extractor x2  
  78  5:14  Extractor  
  78  5:15  Drone  
  78  5:16  Drone x3  
  81  5:25  Spire  
  80  5:33  Drone  
  80  5:35  Overlord x7  
  81  5:36  Overseer  
  81  5:55  Hatchery  
  80  6:11  Drone x8  
  82  6:12  Drone x2  
  90  6:20  Drone x2  
  92  6:26  Extractor  
  92  6:30  Extractor  
  90  6:40  Mutalisk x9  
  90  6:41  Mutalisk  
  90  6:42  Mutalisk  
  90  6:45  Spore Crawler, Mutalisk  
  90  6:47  Spore Crawler  
  112  6:55  Zerg Flyer Armor Level 1  
  112  7:01  Mutalisk  
  112  7:07  Metabolic Boost  
  114  7:12  Mutalisk  
  116  7:17  Mutalisk  
  116  7:18  Overlord x5  
  116  7:19  Overlord x2  
  118  7:24  Mutalisk  
  118  7:26  Mutalisk  
  122  7:31  Zergling x12  
  122  7:36  Mutalisk x2  
  130  7:38  Hatchery  
  130  7:41  Mutalisk  
  133  7:45  Mutalisk  
  135  7:56  Mutalisk x2  
  135  7:58  Overlord x2  
  139  8:03  Drone x5  
  144  8:08  Extractor, Mutalisk x3  
  150  8:12  Zergling x2  
  150  8:13  Extractor, Zergling x4  
  150  8:19  Mutalisk x2  
  149  8:25  Mutalisk  
  151  8:30  Mutalisk x2  
  151  8:33  Drone x5  
  160  8:37  Drone  
  156  8:42  Mutalisk x2  
  158  8:49  Zerg Flyer Weapons Level 1  
  158  8:53  Unknown x2  
  158  8:54  Mutalisk x2  
  139  9:05  Mutalisk x2  
  139  9:12  Extractor  
  139  9:13  Mutalisk x2  
  139  9:14  Zergling x2  
  139  9:15  Zergling x16  
  150  9:21  Mutalisk x2  
  154  9:24  Mutalisk  
  156  9:32  Mutalisk x2  
  156  9:38  Mutalisk x2  
  162  9:47  Mutalisk x2  
  162  9:48  Zergling x2  
  162  9:49  Zergling x12  
  171  9:56  Mutalisk x2  
  171  10:01  Zergling x10  
  176  10:12  Mutalisk  
  176  10:13  Mutalisk x3  
  173  10:32  Mutalisk x5  
  167  10:38  Zergling x6  
  167  10:39  Zergling x12  
Show
View Real Time Build Order
Export as new Build Order

AxImpact Zerg 

Build Orders: Hatch First 

Get SALT Encoding   

  12  0:00  Drone  
  13  0:13  Overlord  
  13  0:17  Drone  
  14  0:31  Drone x2  
  16  0:36  Drone  
  17  0:52  Hatchery  
  17  0:55  Drone  
  17  0:58  Drone  
  18  1:09  Extractor  
  17  1:14  Spawning Pool  
  17  1:16  Drone  
  17  1:20  Drone  
  18  1:29  Drone  
  19  1:39  Overlord  
  19  2:00  Queen, Zergling x2  
  19  2:01  Zergling x2  
  23  2:03  Queen  
  25  2:08  Metabolic Boost  
  25  2:14  Drone x2  
  25  2:15  Drone  
  28  2:23  Drone  
  28  2:26  Drone  
  30  2:30  Baneling Nest  
  30  2:33  Drone  
  30  2:36  Drone  
  31  2:43  Drone  
  32  2:55  Zergling x2  
  33  2:58  Hatchery  
  33  3:01  Drone  
  33  3:03  Zergling x2  
  34  3:07  Overlord  
  34  3:12  Drone x2  
  36  3:13  Baneling  
  36  3:14  Baneling  
  36  3:26  Zergling x2  
  39  3:27  Zergling x6  
  39  3:29  Zergling x4  
  42  3:35  Zergling x2  
  42  3:38  Zergling x2  
  44  3:42  Overlord  
  44  4:01  Zergling x2  
  44  4:02  Zergling x10  
  50  4:04  Zergling x2  
  49  4:10  Drone  
  49  4:12  Lair  
  49  4:13  Drone  
  49  4:16  Queen, Drone  
  52  4:18  Drone  
  52  4:21  Drone  
  52  4:22  Drone  
  55  4:24  Drone  
  55  4:28  Drone  
  57  4:33  Overlord x2  
  57  4:43  Extractor x2  
  57  4:45  Drone  
  56  4:46  Drone  
  56  4:48  Drone  
  56  4:51  Drone x5  
  56  4:52  Drone  
  64  4:56  Extractor, Drone x2  
  65  5:00  Drone  
  65  5:01  Drone  
  65  5:02  Drone  
  65  5:03  Drone  
  69  5:08  Drone  
  69  5:12  Spire  
  69  5:13  Drone x2  
  71  5:16  Drone  
  71  5:17  Drone  
  71  5:19  Overseer  
  73  5:27  Overlord x2  
  73  5:29  Overlord  
  73  5:32  Overlord  
  73  5:34  Drone  
  74  5:41  Baneling x2  
  74  5:46  Drone x8  
  74  5:48  Extractor  
  74  5:49  Extractor, Baneling  
  80  5:50  Drone x3  
  80  5:51  Unknown  
  83  5:58  Overlord x2  
  83  6:00  Drone  
  84  6:12  Overlord x2  
  84  6:20  Drone x4  
  88  6:26  Mutalisk x4  
  88  6:28  Mutalisk  
  88  6:30  Mutalisk  
  100  6:33  Mutalisk, Hatchery  
  100  6:36  Zerg Flyer Weapons Level 1  
  100  6:37  Mutalisk  
  103  6:40  Mutalisk  
  106  6:47  Drone x2  
  106  6:50  Evolution Chamber  
  106  6:51  Mutalisk  
  106  6:52  Roach Warren  
  106  6:53  Mutalisk  
  107  6:57  Overlord x2  
  107  7:00  Mutalisk  
  111  7:12  Drone  
  111  7:13  Drone x7  
  119  7:16  Overlord  
  119  7:17  Overlord  
  119  7:23  Mutalisk x3  
  119  7:25  Mutalisk  
  127  7:31  Mutalisk  
  127  7:34  Overlord  
  127  7:35  Mutalisk  
  127  7:36  Extractor  
  130  7:37  Overlord  
  130  7:38  Extractor, Overlord  
  130  7:41  Mutalisk  
  130  7:43  Drone x2  
  132  7:48  Mutalisk  
  132  7:50  Zergling x14  
  141  7:54  Mutalisk  
  141  7:57  Overlord x2  
  141  7:59  Overlord  
  141  8:00  Mutalisk  
  141  8:04  Spore Crawler  
  141  8:05  Mutalisk  
  143  8:08  Zergling x2  
  143  8:09  Zergling x6  
  143  8:11  Zergling x4  
  149  8:14  Queen  
  151  8:23  Mutalisk x2  
  151  8:26  Mutalisk  
  155  8:27  Zergling x4  
  155  8:30  Zerg Flyer Armor Level 1  
  155  8:31  Mutalisk  
  155  8:33  Zergling x6  
  162  8:35  Mutalisk  
  162  8:39  Zergling x6  
  167  8:41  Mutalisk  
  167  8:44  Zergling x2  
  167  8:45  Zergling x4  
  166  8:50  Mutalisk x2  
  156  8:56  Mutalisk  
  131  9:03  Overlord  
  131  9:06  Mutalisk x2  
  131  9:08  Zergling x14  
  131  9:09  Mutalisk, Zergling x4  
  131  9:11  Zergling x2  
  131  9:12  Zergling x2  
  131  9:14  Mutalisk  
  131  9:16  Mutalisk  
  136  9:23  Mutalisk  
  136  9:25  Zergling x14  
  136  9:27  Mutalisk  
  136  9:30  Mutalisk  
  147  9:32  Overlord  
  147  9:36  Mutalisk  
  149  9:38  Zergling x4  
  149  9:39  Zergling x4  
  149  9:41  Mutalisk  
  149  9:45  Mutalisk  
  150  9:49  Mutalisk  
  140  9:54  Mutalisk  
  140  9:56  Zergling x2  
  140  9:57  Zergling x2  
  140  9:58  Mutalisk  
  130  10:00  Zergling x4  
  130  10:02  Mutalisk  
  134  10:07  Mutalisk  
  134  10:09  Zergling x4  
  134  10:13  Mutalisk  
  136  10:18  Mutalisk  
  136  10:21  Spore Crawler, Zergling x2  
  134  10:23  Spore Crawler  
  134  10:25  Mutalisk  
  134  10:26  Mutalisk  
  135  10:34  Mutalisk  
  119  10:36  Zergling x6  
Tags
 
Add a new tag
Caveats
  • Supply blocks, unpowered buildings, or Contaminate may cause inaccurate times.
  • Supply counts are checked every 10 seconds.